 Dungeon Crawl Stone Soup version 0.18.1-8-gdd0e5ea (webtiles) character file.

89 mistymad the Ruffian (level 4, 0/39 HPs)
             Began as a Naga Transmuter on May 22, 2016.
             Shot with an arrow by a centaur (6 damage)
             ... on level 3 of the Dungeon.
             The game lasted 00:12:14 (3262 turns).

mistymad the Ruffian (Naga Transmuter)              Turns: 3262, Time: 00:12:14

Health: 0/39       AC:  3    Str: 13    XL:     4   Next: 55%
Magic:  0/7        EV: 10    Int: 22    God:
Gold:   68         SH:  0    Dex: 11    Spells: 3 memorised, 1 level left

rFire  . . .     SeeInvis +       - Unarmed
rCold  . . .     Gourm    .     b - +0 robe
rNeg   . . .     Faith    .     (no shield)
rPois  +         Spirit   .     (no helmet)
rElec  .         Dismiss  .     (no cloak)
rCorr  .         Reflect  .     l - +0 pair of gloves
SustAt .         Harm     .     (no barding)
MR     .....                    (no amulet)
Stlth  +.........               (no ring)
                                i - +3 ring of intelligence

@: brilliant, very slightly contaminated, very slow, not resistant to hostile
enchantments, very unstealthy
A: see invisible, deformed body, poison resistance, slowness 2, slow metabolism
1, spit poison 2, AC +1
a: Spit Poison


You were on level 3 of the Dungeon.
You were not hungry.

You visited 1 branch of the dungeon, and saw 3 of its levels.

You collected 68 gold pieces.

Inventory:

Missiles
 a - 45 arrows
Armour
 b - a +0 robe (worn)
 l - a +0 pair of gloves (worn)
Jewellery
 i - a +3 ring of intelligence (left hand)
Scrolls
 g - a scroll of recharging {unknown}
 h - a scroll of amnesia {unknown}
 j - a scroll of fog {unknown}
 m - 3 scrolls of remove curse {unknown}
 o - 2 scrolls of identify {unknown}
 q - a scroll of random uselessness {unknown}
 t - a scroll of noise {unknown}
Potions
 k - a potion of might {unknown}
 r - a potion of heal wounds {unknown}
Books
 c - a book of Changes

   Spells                             Type                      Level
   a - Beastly Appendage              Transmutation                1
   b - Sticks to Snakes               Transmutation                2
   c - Spider Form                    Transmutation/Poison         3
   d - Ice Form                       Ice/Transmutation            4
   e - Blade Hands                    Transmutation                5
Comestibles
 d - a bread ration
 f - a beef jerky
 n - 2 fruits
 p - a meat ration
 s - 6 chunks of flesh


   Skills:
 + Level 2.0 Fighting
 + Level 2.5 Dodging
 + Level 3.2 Unarmed Combat
 + Level 2.3 Spellcasting
 + Level 2.6 Transmutations


You had one spell level left.
You knew the following spells:

 Your Spells              Type           Power        Failure   Level  Hunger
a - Beastly Appendage     Trmt           ####..       1%          1    None
b - Sticks to Snakes      Trmt           ####....     1%          2    ##.....
c - Spider Form           Trmt/Pois      ###.......   3%          3    ###....


Dungeon Overview and Level Annotations

Branches:
Dungeon (3/15)

Altars:
Yredelemnul


Innate Abilities, Weirdness & Mutations

You cannot wear boots.
Your serpentine skin is tough (AC +1).
You have supernaturally acute eyesight.
Armour fits poorly on your strangely shaped body.
Your system is resistant to poisons.
You cover ground very slowly.
You have a slow metabolism.
You can spit poison.


Message History

The centaur shoots an arrow.
The arrow hits you.
The centaur shoots an arrow.
The arrow hits you.
* * * LOW HITPOINT WARNING * * *
You see here an arrow.
Drink which item? (? for menu, Esc to quit)
It was a potion of brilliance.
You feel clever all of a sudden.
The centaur shoots an arrow.
The arrow hits you.
* * * LOW HITPOINT WARNING * * *
What do you say? t - Shout!
Orders for allies: a - Attack new target. r - Retreat! s - Stop attacking. w - Wait here. f - Follow me.
Anything else - Stay silent.
Gang up on whom?
Press: ? - help, Dir - move target cursor, f - centaur
Aim: a centaur, wielding a shortbow Attack!
The centaur shoots an arrow.
The arrow hits you.
You die...

### #.. #.# ##. #. #c#
######.#. #.#.#
##.###....#..#.# #.#.#
.........'.#.#.#.#.#
##.###....#..#.#.#.#
#c..##....#.#+#.#.#
#...##@...#.......#####
#...##.S..#...........#
##..(c.รท..............#
#+#########..........#
#..........#
####.....### #.....#
#####.### ##########)...


You could see a centaur and a friendly adder.

Vanquished Creatures
  2 adders (D:2)
  3 dart slugs
  4 worms
  3 giant geckos
  7 bats
  3 giant cockroaches
  2 goblins (D:3)
  7 hobgoblins
  6 jackals
  A quokka (D:2)
  4 giant newts
  5 kobolds
  4 rats
51 creatures vanquished.

Vanquished Creatures (others)
  A kobold (D:2)
1 creature vanquished.

Grand Total: 52 creatures vanquished

Notes
Turn   | Place    | Note
--------------------------------------------------------------
     0 | D:1      | mistymad the Naga Transmuter began the quest for the Orb.
     0 | D:1      | Reached XP level 1. HP: 18/18 MP: 3/3
   222 | D:1      | Found a basalt altar of Yredelemnul.
   444 | D:1      | Reached XP level 2. HP: 18/25 MP: 3/5
   581 | D:1      | Learned a level 2 spell: Sticks to Snakes
  1280 | D:1      | Reached XP level 3. HP: 31/31 MP: 6/6
  1285 | D:1      | Learned a level 3 spell: Spider Form
  2061 | D:2      | Found a faded altar to an unknown god.
  2065 | D:2      | Reached XP level 4. HP: 39/39 MP: 5/7
  2549 | D:3      | Noticed a centaur
  3262 | D:3      | Shot with an arrow by a centaur

Skill      XL: |  1  2  3  4 |
---------------+-------------+-----
Dodging        | 2 |  2.5
Fighting       | 2 |  2.0
Unarmed Combat | |  3.2
Spellcasting   | |  2.3
Transmutations | |  2.6

Action                   |  1- 3 |  4- 6 || total
-------------------------+-------+-------++-------
Melee: Unarmed           |    59 |    38 ||    97
       Headbutt          |     7 |     2 ||     9
       Punch             |       |     1 ||     1
 Cast: Beastly Appendage |    14 |     5 ||    19
       Sticks to Snakes  |       |     3 ||     3
 Abil: Spit Poison       |    31 |    19 ||    50
  Use: Potion            |       |     1 ||     1
 Stab: Sleeping          |     1 |       ||     1
  Eat: Chunk             |     4 |     5 ||     9
Armor: Robe              |    20 |     8 ||    28
Dodge: Dodged            |    62 |    21 ||    83
